 Dungeon Crawl Stone Soup version 0.30-a0-39-g42789b21ef (webtiles) character file.

Game seed: 14935120340106118525

120 ytrimaz the Sneak (level 5, -6/33 HPs)
             Began as an Octopode Transmuter on Aug 28, 2022.
             Killed from afar by an orc wizard (7 damage)
             ... with a magic dart
             ... on level 2 of the Dungeon.
             The game lasted 00:02:52 (2190 turns).

ytrimaz the Sneak (Octopode Transmuter)             Turns: 2190, Time: 00:02:53

Health: -6/33      AC:  2    Str:  9    XL:     5   Next: 4%
Magic:  7/8        EV: 19    Int: 17    God:
Gold:   107        SH:  0    Dex: 18    Spells: 2/8 levels left

rFire   . . .      SeeInvis .      - Unarmed
rCold   . . .      Faith    .    (shield currently unavailable)
rNeg    . . .      Spirit   .    (helmet currently unavailable)
rPois   x          Reflect  .    l - amulet of magic regeneration
rElec   .          Harm     .    (no ring)
rCorr   .          Rampage  .    (no ring)
Will    .....                    (no ring)
Stlth   +++.......               (no ring)
HPRegen 0.11/turn                (no ring)
MPRegen 0.51/turn                (no ring)
                                 (no ring)
                                 (no ring)

@: mighty, spider-form (expiring), wereblooded, attractive
A: venomous fangs, almost no armour, (amphibious), 8 rings, tiny, (camouflage
1), (gelatinous body 1), (nimble swimmer 1), (tentacles)
a: End Transformation


You were on level 2 of the Dungeon.
You were a venomous arachnid creature.
You visited 1 branch of the dungeon, and saw 2 of its levels.

You collected 107 gold pieces.

Inventory:

Jewellery
 l - an amulet of magic regeneration (around neck)
Scrolls
 d - a scroll of magic mapping
 e - a scroll of vulnerability
 h - a scroll of teleportation {unknown}
 i - 2 scrolls of identify
 k - a scroll of blinking {unknown}
Potions
 a - a potion of lignification
 c - a potion of curing {unknown}
 f - a potion of attraction
 g - a potion of resistance {unknown}
 j - a potion of heal wounds {unknown}
 m - a potion of haste {unknown}


   Skills:
 - Level 1.0 Fighting
 - Level 2.0 Dodging
 + Level 4.5 Stealth
 - Level 3.0 Unarmed Combat
 + Level 2.4 Spellcasting
 + Level 2.5 Transmutations
 * Level 2.4 Poison Magic


You had 2 spell levels left.
You knew the following spells:

 Your Spells              Type           Power      Damage    Failure   Level
a - Beastly Appendage     Tmut           20%        N/A       19%         1
b - Wereblood             Tmut           10%        N/A       24%         2
c - Spider Form           Tmut/Pois      10%        N/A       41%         3

Your spell library contained the following spells:

 Spells                   Type           Power      Damage    Failure   Level
 Dazzling Flash           Conj/Hex       4%         N/A       71%         3
 Ice Form                 Ice/Tmut       6%         N/A       88%         4
 Iskenderun's Mystic Bla  Conj/Tloc      2%         2d3       96%         4
 Starburst                Conj/Fire      1%         6d3       100%        6


Dungeon Overview and Level Annotations

Branches:
Dungeon (2/15)

Altars:


Innate Abilities, Weirdness & Mutations

You are a venomous arachnid creature.
You have poisonous fangs.
You are tiny and dextrous.
Your spellcasting is less reliable in this form.
Your armour is entirely melded.
You are incapable of wielding weapons or throwing items.
You cannot wear most types of armour.
((You are amphibious.))
You can wear up to eight rings at the same time.
((Your skin changes colour to match your surroundings (Stealth+).))
((Your rubbery body absorbs attacks. (AC +1, EV +1)))
((You are camouflaged when in or above water. (Stealth+)))
((You have tentacles for arms and can constrict up to eight enemies at once.))


Message History

The orc priest looks braver for a moment.
You feel very mighty all of a sudden.
The orc wizard gestures at you while chanting.
The puff of flame misses you.
Your transformation is almost over.
The orc priest hits you with a +0 club.
You hit the orc priest.
The orc priest is poisoned.
The orc priest is lightly wounded.
The orc priest mumbles some strange prayers to Beogh against you.
Pain shoots through your body!
* * * LOW HITPOINT WARNING * * *
You bite the orc priest!
The orc priest looks as sick as possible!
The orc priest is severely wounded.
The orc priest completely misses you.
You bite the orc priest!
You kill the orc priest!
You have reached level 5!
You feel agile.
Casting: Wereblood (dangerous; 24% risk of failure)
Confirm with . or Enter, or press ? or * to list all spells.
Your blood is infused with primal strength.
The orc wizard gestures wildly while chanting.
The orc wizard flickers and vanishes!
Something hits you.
* * * LOW HITPOINT WARNING * * *
Unknown command.
You closely miss something.
You hear some strange, mumbled words.
A magic dart appears from out of thin air!
The magic dart hits you!
* * * LOW HITPOINT WARNING * * *
Unknown command.
It was a potion of attraction.
You feel attractive to monsters. Something hits you.
* * * LOW HITPOINT WARNING * * *
You hear some strange, mumbled words.
A magic dart appears from out of thin air!
The magic dart hits you!
You die...

##...##
##.....####
##.........#
........##.#
####....#
.....o..##.#
.8...8..##.#####
...........oo{.#
ooo......#.###s#
.........#.###{#
o8...8..oo...o.#
o.......#...##.#
#### #.#.##.#
#.#.##.#
#.##.#.##.#
#.........#
####.#.##.#


You could see 3 orcs.

Vanquished Creatures
  An orc priest (D:2)
  Natasha (D:2)
  2 adders (D:2)
  2 worms (D:2)
  A dart slug (D:1)
  5 endoplasms
  4 giant cockroaches
  6 goblins
  4 hobgoblins
  2 quokkas
  3 ball pythons
  4 bats
  3 frilled lizards
  2 rats (D:1)
40 creatures vanquished.

Notes
Turn   | Place    | Note
-------+----------+-------------------------------------------
     0 | D:1      | ytrimaz the Octopode Transmuter began the quest for the
                  | Orb.
     0 | D:1      | Reached XP level 1. HP: 13/13 MP: 3/3
    13 | D:1      | Reached skill level 1 in Stealth
   180 | D:1      | Found a faded altar of an unknown god.
   294 | D:1      | Reached skill level 2 in Stealth
   324 | D:1      | Reached XP level 2. HP: 13/18 MP: 3/5
   645 | D:1      | Reached skill level 3 in Stealth
  1433 | D:2      | Reached XP level 3. HP: 21/23 MP: 4/6
  1441 | D:2      | Learned a level 2 spell: Wereblood
  1445 | D:2      | Learned a level 3 spell: Spider Form
  1516 | D:2      | Reached skill level 4 in Stealth
  1524 | D:2      | Reached skill level 1 in Poison Magic
  1759 | D:2      | Reached XP level 4. HP: 25/28 MP: 5/7
  1832 | D:2      | Noticed Natasha
  1843 | D:2      | Killed Natasha
  2188 | D:2      | Reached XP level 5. HP: 10/33 MP: 8/8
  2190 | D:2      | HP: 1/33 [something (1)]
  2190 | D:2      | Killed from afar by an orc wizard

Illustrated notes

Levels and vault maps discovered:
D:1:      dpeg_arrival_morbid_curiosity, layout_basic,
          ebering_ecumenical_altar_abandoned
D:2:      cheibrodos_pilgrimage, layout_loops_ring, minmay_indecisive_spiral,
          uniq_natasha

Skill      XL: |  1  2  3  4 |
---------------+-------------+-----
Stealth        | 2 3 4 |  4.5
Poison Magic   | 1 2 |  2.4
Fighting       | |  1.0
Dodging        | |  2.0
Unarmed Combat | |  3.0
Spellcasting   | |  2.4
Transmutations | |  2.5

Action                   |  1- 3 |  4- 6 || total
-------------------------+-------+-------++-------
Melee: Unarmed           |    71 |    17 ||    88
       Constrict         |    26 |     4 ||    30
       Tentacles         |    13 |     2 ||    15
       Kick              |    15 |     7 ||    22
       Punch             |       |     1 ||     1
 Cast: Beastly Appendage |    19 |     7 ||    26
       Spider Form       |       |     1 ||     1
       Wereblood         |       |     1 ||     1
  Use: Scroll            |     3 |       ||     3
       Potion            |       |     2 ||     2
 Stab: Sleeping          |     8 |     2 ||    10
Armor: Skin              |    13 |       ||    13
Dodge: Dodged            |    46 |    12 ||    58

Table legend: (Time is in decaauts)
 A = Elapsed time spent in this place.
 B = Non-inter-level travel time spent in this place.
 C = Inter-level travel time spent in this place.
 D = Time resting spent in this place.
 E = Time spent auto-exploring this place.
 F = Levels seen in this place.
 G = Mean time per level.
                   A        B        C        D        E       F      G
               +--------+--------+--------+--------+--------+-----+--------+
         Total |   2184 |   2129 |     55 |      0 |   1749 |   2 | 1092.0 |
       Dungeon |   2184 |   2129 |     55 |      0 |   1749 |   2 | 1092.0 |
               +--------+--------+--------+--------+--------+-----+--------+

Top non-repeatable levels by time:
     D:1: 1422 daAuts
     D:2: 762 daAuts
